Cogmind - Beta 13 @@@ ROGUE MODE // 2024.04.18 @ 16:09:39 Player: monistgf Result: Self-destructed Performance ------------- Evolutions (9) 4500 Regions Visited (12) 2400 Robots Destroyed (85) 425 Value Destroyed (3260) 3260 Prototype IDs (6) 120 Alien Tech Used (0) 0 Bonus (345) 345 TOTAL SCORE: 11050 Bonus ------- High Alert Combat Kills 251 Follower Combat Kills 105 Friendly Fire -11 Cogmind --------- Core Integrity 932/1600 Matter 300/300 Energy 170/170 System Corruption 7% Temperature Danger (438) Movement Hovering (60) Location -1/Access Parts ------- > --- POWER (3) -------- Light Antimatter Reactor > --- PROPULSION (7) --- Antigrav Array Xenon Bombardment Thruster Xenon Bombardment Thruster Xenon Bombardment Thruster > --- UTILITY (12) ----- Advanced Weight Redist. System Improved Targeting Computer > --- WEAPON (3) ------- Quantum Rifle > --- INVENTORY (5) ---- Centrium Leg Advanced Target Analyzer Advanced Target Analyzer Powered Armor Peak State ------------ > --- POWER ------------ Light Antimatter Reactor Micro Antimatter Reactor Light Quantum Reactor > --- PROPULSION ------- Gyrokinetic Inverter Gyrokinetic Inverter Gyrokinetic Inverter Improved Gyrokinetic Inverter Improved Linear Gravjet Antigrav Array > --- UTILITY ---------- Advanced Heat Sink Advanced Cooling System Medium Storage Unit Machine Analyzer Advanced Signal Interpreter Advanced Weapon Cycler Advanced Transmission Jammer Improved Medium Armor Plating Improved Force Field Improved Force Field > --- WEAPON ----------- Railgun Linear Accelerator > --- INVENTORY -------- Light Antimatter Reactor Gyrokinetic Inverter Antigrav Array Improved Force Field Gamma Rifle Phase Gun Enhanced Nova Cannon Proton Missile Launcher Power Maul [Rating: 146] Favorites ----------- Power Neutrino Core Engine Ion Engine Power Core Neutrino Core Reactor Antimatter Reactor Propulsion Gyrokinetic Inverter Treads Light Treads Leg Aluminum Leg Wheel Compact Wheel Hover Unit Gyrokinetic Inverter Flight Unit Xenon Bombardment Thruster Utility Machine Analyzer Device Improved Sensor Array Storage Medium Storage Unit Processor Machine Analyzer Protection Improved Medium Armor Plating Weapon Flak Gun Energy Gun Small Laser Energy Cannon Matter Neutralizer Ballistic Gun Flak Gun Ballistic Cannon Linear Accelerator Launcher Proton Missile Launcher Impact Weapon Power Maul Build | -11 -10 -10 -8 -7 -6 -5 -5 -5 -4 -3 -2 -1 ------- Run | Yrd Mat Sub Mat Fac Fac Fac Was Fac Fac Res Res Acc Slots Evolved 18 | . . . 4 2 2 2 . . 2 2 2 2 Power 2 | . . . . . . 1 . . . 1 . . Propulsion 5 | . . . 3 . 1 . . . . . 1 . Utility 10 | . . . 1 2 1 1 . . 2 1 1 1 Weapon 1 | . . . . . . . . . . . . 1 Parts Attached 167 | . 4 11 23 6 12 15 . 14 6 9 46 21 Power 29 | . . 1 2 . 2 2 . 2 . 3 11 6 Engine 7 | . . 1 . . . 1 . . . 2 2 1 Core 7 | . . . 2 . 2 1 . 2 . . . . Reactor 15 | . . . . . . . . . . 1 9 5 Propulsion 48 | . 2 4 8 2 4 7 . 3 2 3 7 6 Treads 2 | . . . 2 . . . . . . . . . Leg 1 | . . . 1 . . . . . . . . . Wheel 12 | . 2 4 5 1 . . . . . . . . Hover 29 | . . . . 1 4 7 . 3 2 3 7 2 Flight 4 | . . . . . . . . . . . . 4 Utility 45 | . 1 2 6 2 4 4 . 5 3 1 13 4 Device 29 | . 1 2 1 1 1 4 . 3 3 . 11 2 Storage 2 | . . . 1 . . . . 1 . . . . Processor 5 | . . . 1 1 1 . . . . . 1 1 Hackware . | . . . . . . . . . . . . . Protection 9 | . . . 3 . 2 . . 1 . 1 1 1 Artifact . | . . . . . . . . . . . . . Weapon 45 | . 1 4 7 2 2 2 . 4 1 2 15 5 Energy Gun 3 | . . . . . . . . . . . 1 2 Energy Cannon 4 | . . . . . . . . . . . 2 2 Ballistic Gun 20 | . 1 4 5 2 2 1 . 2 1 1 . 1 Ballistic Cannon 3 | . . . . . . . . 1 . . 2 . Launcher 6 | . . . 1 . . . . . . . 5 . Special Weapon . | . . . . . . . . . . . . . Impact Weapon 9 | . . . 1 . . 1 . 1 . 1 5 . Slashing Weapon . | . . . . . . . . . . . . . Piercing Weapon . | . . . . . . . . . . . . . Special Melee Weapon . | . . . . . . . . . . . . . Unidentified Prototypes 2 | . . . . 1 . . . . . 1 . . Parts Lost 50 | . . 3 1 . . . . 3 . . 32 11 Power 14 | . . . . . . . . . . . 9 5 Propulsion 13 | . . 2 1 . . . . . . . 8 2 Utility 15 | . . . . . . . . 2 . . 12 1 Weapon 8 | . . 1 . . . . . 1 . . 3 3 Highest Loss Streak 20 | . . 3 1 . . . . 3 . . 20 9 To Critical Strikes 1 | . . . . . . . . . . . 1 . Average Slot Usage (%) 89 | . 97 98 96 99 86 95 100 95 94 86 81 18 Engine 5 | . 14 14 . . . 3 5 2 . . 2 . Core 3 | . . . 8 7 6 5 5 8 10 7 . . Reactor 1 | . . . . . . . . . . 1 7 3 Treads 1 | . . . 7 6 . . . . . . . . Leg 1 | . 5 . . . . . . . . . . . Wheel 13 | . 22 28 34 30 2 . . . . . . . Hover 12 | . . . . . 23 32 35 30 26 23 23 3 Device 12 | . 11 20 10 7 9 11 11 11 21 19 17 1 Storage 6 | . 14 5 . 7 6 5 5 5 5 4 3 . Processor 8 | . . . 6 14 16 17 17 17 15 14 10 3 Protection 4 | . . . 9 7 6 5 5 5 5 5 5 . Ballistic Gun 13 | . 25 28 17 15 13 9 5 5 5 4 3 . Impact Weapon 1 | . . . . . . 1 5 3 5 3 2 . Naked Turns 79 | . . . . . . . . . . . 39 40 Heaviest Build 99 | 13 14 17 31 32 37 52 51 62 61 78 99 64 Greatest Support 83 | 20 32 36 50 54 58 66 55 70 72 72 83 61 Greatest Overweight (x) 1 | . . . 1 . . 1 1 1 . 1 1 1 Average Overweight (x) . | . . . . . . . . . . . . . Largest Inventory Capacity 10 | . 8 8 10 10 10 10 10 10 10 10 10 5 Average Capacity 8 | . 8 6 5 10 10 10 10 10 10 10 9 5 Most Carried 10 | . 8 8 7 10 10 10 10 10 10 10 10 5 Average Carried 7 | . 6 5 5 8 9 9 10 9 8 9 9 4 Final Capacity 10 | 8 8 5 10 10 10 10 10 10 10 10 5 5 Final Carried 10 | 6 7 5 7 10 10 10 10 10 10 10 4 4 Class Distribution -------------------- 55% | Mutant 12% | Scavenger-Mutant 10% | Scavenger-Scout 6% | Ninja 3% | Assassin Dominant Class ---------------- Mutant | -10/Materials Scavenger-Mutant | -10/Subcaves Mutant | -8/Materials Scavenger-Mutant | -7/Factory Mutant | -6/Factory Scavenger-Scout | -5/Factory Scavenger-Scout | -5/Waste Scavenger-Scout | -5/Factory Scavenger-Ninja | -4/Factory Ninja | -3/Research Mutant | -2/Research Mutant | -1/Access Resources | -11 -10 -10 -8 -7 -6 -5 -5 -5 -4 -3 -2 -1 ----------- Run | Yrd Mat Sub Mat Fac Fac Fac Was Fac Fac Res Res Acc Matter Collected 3047 | 200 16 185 507 45 271 348 . 68 149 176 655 427 Remotely . | . . . . . . . . . . . . . Salvage Created 3330 | . 43 185 782 45 205 128 . 224 149 80 1053 436 Parts 209 | . 6 18 57 4 10 11 . 13 . 9 62 19 Haulers Intercepted 2 | . . . 1 . . . . . . . . 1 Recyclers Shooed 5 | . . . 2 . . . . . . . 3 . Parts Field Recycled . | . . . . . . . . . . . . . Retrieved Matter . | . . . . . . . . . . . . . Parts Self-Destructed 9 | . . 9 . . . . . . . . . . Prevented . | . . . . . . . . . . . . . Kills | -11 -10 -10 -8 -7 -6 -5 -5 -5 -4 -3 -2 -1 ------- Run | Yrd Mat Sub Mat Fac Fac Fac Was Fac Fac Res Res Acc Combat Hostiles Destroyed 62 | . 3 5 17 1 3 2 . 3 . 1 20 7 Guns 40 | . 3 5 14 1 3 2 . 2 . 1 2 7 Cannons 6 | . . . . . . . . 1 . . 5 . AOE 16 | . . . 3 . . . . . . . 13 . Classes Destroyed 13 | . 1 2 7 1 . . . . 1 . 1 . Worker 11 | . . . 2 . . 1 . . . 1 7 . Builder 4 | . . . . . . . . . . . 4 . Tunneler 2 | . . . 1 . . . . . . . 1 . Hauler 2 | . . . 1 . . . . . . . . 1 Recycler 1 | . . . . . . . . . 1 . . . Watcher 3 | . . . 1 . 1 . . . . . 1 . Swarmer 22 | . 3 . 3 . . . . . . . 11 5 Grunt 11 | . . 2 5 . . . . . . . 4 . Brawler 1 | . . . 1 . . . . . . . . . Sentry 14 | . . . 7 . 2 . . 3 . . 1 1 Hunter 2 | . . . 1 . . . . . . . . 1 Programmer 9 | . . . . 1 1 2 . . . 1 4 . Subdweller 3 | . . 3 . . . . . . . . . . Best Kill Streak 7 | . 3 2 5 1 2 2 . 2 1 1 7 6 Combat Bots Only 5 | . 3 2 3 1 1 2 . 2 . 1 4 5 Max Kills in Single Turn 4 | . 2 1 4 1 1 1 . 1 1 1 3 1 Gunslinging 1 | . 1 . . . . . . . . . . . Exploded 3 | . . . 2 . . . . . . . 3 . Melee . | . . . . . . . . . . . . . Uniques/NPCs Destroyed . | . . . . . . . . . . . . . Combat | -11 -10 -10 -8 -7 -6 -5 -5 -5 -4 -3 -2 -1 -------- Run | Yrd Mat Sub Mat Fac Fac Fac Was Fac Fac Res Res Acc Hostile Shots Fired 793 | . 24 29 54 2 69 20 . 42 . 18 370 165 Missed 280 | . 7 4 14 . 30 7 . 11 . 10 145 52 Damage Taken 9203 | . 202 491 545 30 306 244 . 789 . 135 4526 1935 Core 2530 | . 23 136 111 . 36 13 . 149 . . 1394 668 Absorbed by Shields 582 | . . . . . . . . . . . 478 104 Redirected to Shielding 110 | . . . . . . . . . . 29 81 . Regen/Repaired (Parts) 46 | . . . . . . . . . 46 . . . Core Remaining (%) 77 | 100 . 36 79 100 95 . . 83 100 100 3 . Volleys Fired 192 | . 9 20 36 2 17 11 . 14 . 4 52 27 Largest 3 | . 2 2 2 2 2 2 . 2 . 2 2 3 Hottest 290 | . 60 60 56 56 56 63 . 90 . 68 186 290 Shots Fired 347 | . 18 40 69 4 34 22 . 28 . 8 78 46 Gun 276 | . 18 40 66 4 34 22 . 22 . 8 31 31 Cannon 52 | . . . . . . . . 6 . . 31 15 Launcher 19 | . . . 3 . . . . . . . 16 . Special . | . . . . . . . . . . . . . Kinetic 270 | . 10 40 66 4 34 22 . 28 . 8 53 5 Thermal 58 | . 8 . . . . . . . . . 9 41 Explosive 6 | . . . . . . . . . . . 6 . Electromagnetic 13 | . . . 3 . . . . . . . 10 . Robot Hit Streak 19 | . 5 19 11 2 16 7 . 14 . 2 11 14 Robot Miss Streak 8 | . 2 1 8 2 2 2 . 2 . 2 3 3 Penetration Max 1 | . . . . . . . . 1 . . 1 . Secondary Targets 4 | . 1 1 2 . . . . . . . . . Max Gunslinging Chain 1 | . 1 1 1 . . . . . . . . . Shots Hit Robots 258 | . 11 32 62 2 23 13 . 21 1 5 56 32 Core Hits 201 | . 4 11 89 2 9 6 . 8 . 2 57 13 Critical Kills 4 | . . . . . . 2 . 1 . . 1 . Critical Parts Destroyed 2 | . . . . . . . . 1 . . 1 . Critical Strikes 9 | . . . . . 1 2 . 3 . . 3 . Destroy 5 | . . . . . 1 2 . 2 . . . . Blast 2 | . . . . . . . . 1 . . 1 . Smash 2 | . . . . . . . . . . . 2 . Melee Attacks 36 | . . . 3 . . 5 . 4 4 1 19 . Impact 36 | . . . 3 . . 5 . 4 4 1 19 . Slashing . | . . . . . . . . . . . . . Piercing . | . . . . . . . . . . . . . Sneak Attacks 5 | . . . . . . . . . 1 1 3 . Combat Hostiles . | . . . . . . . . . . . . . Follow-up Attacks . | . . . . . . . . . . . . . Damage Inflicted 8219 | . 121 421 1312 46 488 233 . 528 87 279 3614 1090 Guns 4206 | . 121 421 1059 46 488 233 . 352 . 137 643 706 Cannons 1319 | . . . . . . . . 176 . . 759 384 Explosions 1985 | . . . 251 . . . . . . . 1734 . Melee 694 | . . . . . . . . . 87 142 465 . Ramming 15 | . . . 2 . . . . . . . 13 . Kinetic 4330 | . 67 421 1059 46 488 233 . 528 . 137 1244 107 Thermal 1242 | . 54 . 47 . . . . . . . 158 983 Explosive 715 | . . . . . . . . . . . 715 . Electromagnetic 1223 | . . . 204 . . . . . . . 1019 . Impact 694 | . . . . . . . . . 87 142 465 . Slashing . | . . . . . . . . . . . . . Piercing . | . . . . . . . . . . . . . Highest Corruption 7 | . . . . . . 1 1 1 . 1 5 7 Average Corruption 2 | . . . . . . 1 1 1 . 1 2 5 Corruption Purged . | . . . . . . . . . . . . . Corruption Blocked . | . . . . . . . . . . . . . Effects 25 | . . . . . . 2 . 7 . . 5 11 Message Errors 3 | . . . . . . . . 1 . . 2 . Matter Fused 7 | . . . . . . 1 . 2 . . . 4 Heat Flow Errors 2 | . . . . . . . . . . . 2 . Energy Discharges 3 | . . . . . . 1 . . . . . 2 Parts Fused 1 | . . . . . . . . . . . 1 . Data Loss (minor) 4 | . . . . . . . . 2 . . . 2 Data Loss (major) 2 | . . . . . . . . 1 . . . 1 Misfires 1 | . . . . . . . . 1 . . . . Alerts 1 | . . . . . . . . . . . . 1 Weapon Failures 1 | . . . . . . . . . . . . 1 Overload Shots . | . . . . . . . . . . . . . Overflow Damage 494 | . . . 34 . . . . . 57 102 274 27 Projectiles 53 | . . . . . . . . . . . 26 27 Explosions 67 | . . . 34 . . . . . . . 33 . Melee 374 | . . . . . . . . . 57 102 215 . Knockbacks 10 | . . . . . . . . . 1 1 8 . Impact 4 | . . . . . . . . . 1 1 2 . Kinetic 5 | . . . . . . . . . . . 5 . Secondary 1 | . . . . . . . . . . . 1 . Self-Inflicted Damage 22 | . . . . . . . . . . . 22 . Shots 2 | . . . . . . . . . . . 2 . Rammed 5 | . . . 1 . . . . . . . 4 . Targets Rammed 5 | . . . 1 . . . . . . . 4 . Kicked . | . . . . . . . . . . . . . Crushed . | . . . . . . . . . . . . . Highest Temperature 438 | . . . 39 . 83 321 151 355 . . 220 438 Average Temperature 79 | . . . 18 . 28 123 64 67 . . 35 122 Received Heat Transfer 911 | . . 63 216 . 72 . . 144 . . 308 108 Effects 4 | . . . . . . . . 2 . . . 2 Shutdowns 1 | . . . . . . . . 1 . . . . Interference 2 | . . . . . . . . . . . . 2 Damage (minor) 1 | . . . . . . . . 1 . . . . Siege Activations . | . . . . . . . . . . . . . Robots Corrupted . | . . . . . . . . . . . . . Combat Hostiles . | . . . . . . . . . . . . . Parts Fried 12 | . . . 1 . . . . . . . 11 . Impact Corruptions 10 | . . . . . . . . . 2 3 5 . Robots Melted 1 | . . . . . . . . . . . . 1 Combat Hostiles . | . . . . . . . . . . . . . Parts Melted . | . . . . . . . . . . . . . Heat Transferred 1396 | . 125 . 50 . . . . . . . 148 1073 Parts Sabotaged . | . . . . . . . . . . . . . Parts Stolen . | . . . . . . . . . . . . . Parts Stripped . | . . . . . . . . . . . . . Power Chain Reactions 1 | . . . 1 . . . . . . . . . Alert | -11 -10 -10 -8 -7 -6 -5 -5 -5 -4 -3 -2 -1 ------- Run | Yrd Mat Sub Mat Fac Fac Fac Was Fac Fac Res Res Acc Peak Influence 655 | . 100 . 463 172 158 154 66 197 46 71 616 655 Initial 360 | . . . 26 142 . 77 36 46 9 24 39 360 Average 138 | . 20 . 156 123 57 84 45 85 37 37 313 546 Maximum Alert Level 2 | . . . 2 . . . . . . . 2 2 Low Security (%) 80 | . 100 . 68 100 100 100 100 100 100 100 39 . Level 1 8 | . . . 22 . . . . . . . 32 12 Level 2 10 | . . . 9 . . . . . . . 28 87 Level 3 . | . . . . . . . . . . . . . Level 4 . | . . . . . . . . . . . . . Level 5 . | . . . . . . . . . . . . . High Security . | . . . . . . . . . . . . . Max Security . | . . . . . . . . . . . . . Squads Dispatched 12 | . 2 . 3 1 . 1 . 1 . . 2 2 Investigation 1 | . . . 1 . . . . . . . . . Extermination 5 | . . . . 1 . 1 . 1 . . 1 1 Reinforcement 5 | . 2 . 1 . . . . . . . 1 1 Assault . | . . . . . . . . . . . . . Garrison 1 | . . . 1 . . . . . . . . . Intercept . | . . . . . . . . . . . . . Searches Triggered 2 | . . . . . . . . . . . 1 1 Construction Impeded . | . . . . . . . . . . . . . Haulers Reinforced . | . . . . . . . . . . . . . Active Scanning Responses . | . . . . . . . . . . . . . Cargo Convoy Interrupts . | . . . . . . . . . . . . . Stealth | -11 -10 -10 -8 -7 -6 -5 -5 -5 -4 -3 -2 -1 --------- Run | Yrd Mat Sub Mat Fac Fac Fac Was Fac Fac Res Res Acc Distress Signals 8 | . . . 3 . . 1 . 1 . . 2 1 Communications Jammed 43 | . . . . . . . . . . . 43 . Distress Signals 41 | . . . . . . . . . . . 41 . Times Spotted 160 | . 10 5 28 2 4 9 6 6 . 2 57 31 Peak Tracking Total 16 | . 4 3 6 1 1 6 6 3 . 1 13 16 Tactical Retreats 19 | . 1 . 1 . . . . 1 . . 9 7 Traps | -11 -10 -10 -8 -7 -6 -5 -5 -5 -4 -3 -2 -1 ------- Run | Yrd Mat Sub Mat Fac Fac Fac Was Fac Fac Res Res Acc Traps Triggered 9 | . 1 . . . 3 2 . 2 . . . 1 Indirectly . | . . . . . . . . . . . . . Trap Hack Attempts . | . . . . . . . . . . . . . Triggered . | . . . . . . . . . . . . . Disarmed . | . . . . . . . . . . . . . Reprogrammed . | . . . . . . . . . . . . . Reused . | . . . . . . . . . . . . . Traps Extracted . | . . . . . . . . . . . . . Installed . | . . . . . . . . . . . . . Triggered . | . . . . . . . . . . . . . Machines | -11 -10 -10 -8 -7 -6 -5 -5 -5 -4 -3 -2 -1 ---------- Run | Yrd Mat Sub Mat Fac Fac Fac Was Fac Fac Res Res Acc Machines Disabled 2 | . . . . . . . . . . . 2 . Max in Single Turn 1 | . . . . . . . . . . . 1 . Machines Repaired . | . . . . . . . . . . . . . Machines Dismantled . | . . . . . . . . . . . . . Machines Sabotaged . | . . . . . . . . . . . . . Overloaded Fab Kills . | . . . . . . . . . . . . . Hacking | -11 -10 -10 -8 -7 -6 -5 -5 -5 -4 -3 -2 -1 --------- Run | Yrd Mat Sub Mat Fac Fac Fac Was Fac Fac Res Res Acc Machines Accessed 22 | . . . 6 5 1 . . 4 1 2 3 . Terminals 13 | . . . 6 3 . . . 3 . . 1 . Fabricators 5 | . . . . 1 1 . . 1 . . 2 . Repair Stations 3 | . . . . 1 . . . . 1 1 . . Recycling Units . | . . . . . . . . . . . . . Scanalyzers . | . . . . . . . . . . . . . Garrison Access 1 | . . . . . . . . . . 1 . . Total Hacks 46 | . . . 19 5 2 . . 10 2 4 4 . Successful 18 | . . . 8 . 1 . . 5 2 1 1 . Failed 28 | . . . 11 5 1 . . 5 . 3 3 . Catastrophic 7 | . . . 2 2 . . . . . 1 2 . Database Lockouts . | . . . . . . . . . . . . . Manual 20 | . . . 9 3 1 . . 5 . . 2 . Terminals 30 | . . . 19 3 . . . 7 . . 1 . Fabricators 9 | . . . . 1 2 . . 3 . . 3 . Repair Stations 6 | . . . . 1 . . . . 2 3 . . Recycling Units . | . . . . . . . . . . . . . Scanalyzers . | . . . . . . . . . . . . . Garrison Access 1 | . . . . . . . . . . 1 . . Terminal Hacks 10 | . . . 8 . . . . 2 . . . . Robot Analysis 1 | . . . 1 . . . . . . . . . Prototype ID Bank 2 | . . . 1 . . . . 1 . . . . Alert Level 3 | . . . 2 . . . . 1 . . . . Locate Traps 1 | . . . 1 . . . . . . . . . Zone Layout 3 | . . . 3 . . . . . . . . . Fabricator Hacks 3 | . . . . . 1 . . 1 . . 1 . Network Status 2 | . . . . . 1 . . . . . 1 . Build 1 | . . . . . . . . 1 . . . . Repair Station Hacks 3 | . . . . . . . . . 2 1 . . Scan Component 2 | . . . . . . . . . 1 1 . . Repair 1 | . . . . . . . . . 1 . . . Recycling Unit Hacks . | . . . . . . . . . . . . . Scanalyzer . | . . . . . . . . . . . . . Garrison Access Hacks . | . . . . . . . . . . . . . Unauthorized Hacks 2 | . . . . . . . . 2 . . . . Terminals 2 | . . . . . . . . 2 . . . . Botnet 2 | . . . . . . . . 2 . . . . Fabricators . | . . . . . . . . . . . . . Repair Stations . | . . . . . . . . . . . . . Recycling Units . | . . . . . . . . . . . . . Scanalyzers . | . . . . . . . . . . . . . Garrison Access . | . . . . . . . . . . . . . Data Cores Recovered . | . . . . . . . . . . . . . Used . | . . . . . . . . . . . . . Hacking Detections 22 | . . . 6 5 1 . . 4 1 2 3 . Full Trace Events 2 | . . . 2 . . . . . . . . . Feedback Events . | . . . . . . . . . . . . . Feedback Blocked . | . . . . . . . . . . . . . Robot Schematics Acquired . | . . . . . . . . . . . . . Robots Built . | . . . . . . . . . . . . . Authchips . | . . . . . . . . . . . . . Time . | . . . . . . . . . . . . . Total Robot Build Rating . | . . . . . . . . . . . . . Part Schematics Acquired . | . . . . . . . . . . . . . Parts Built 1 | . . . . . . . . 1 . . . . Authchips . | . . . . . . . . . . . . . Time 64 | . . . . . . . . 64 . . . . Total Part Build Rating 8 | . . . . . . . . 8 . . . . Parts Repaired 1 | . . . . . . . . . 1 . . . Time 34 | . . . . . . . . . 34 . . . Parts Recycled . | . . . . . . . . . . . . . Recycled Matter . | . . . . . . . . . . . . . Retrieved Matter . | . . . . . . . . . . . . . Retrieved Components . | . . . . . . . . . . . . . Parts Scanalyzed . | . . . . . . . . . . . . . Part Schematics Acquired . | . . . . . . . . . . . . . Parts Damaged . | . . . . . . . . . . . . . Bothacking | -11 -10 -10 -8 -7 -6 -5 -5 -5 -4 -3 -2 -1 ------------ Run | Yrd Mat Sub Mat Fac Fac Fac Was Fac Fac Res Res Acc Used RIF Installer . | . . . . . . . . . . . . . Robots Hacked . | . . . . . . . . . . . . . Non-combat . | . . . . . . . . . . . . . Combat . | . . . . . . . . . . . . . Robot Hacks Applied . | . . . . . . . . . . . . . Relay Couplers Released . | . . . . . . . . . . . . . Fabnet Peak Effective % . | . . . . . . . . . . . . . Robots Rewired 2 | . . . . . . 2 . . . . . . Allies Hacked . | . . . . . . . . . . . . . Hacks Repelled . | . . . . . . . . . . . . . Allies | -11 -10 -10 -8 -7 -6 -5 -5 -5 -4 -3 -2 -1 -------- Run | Yrd Mat Sub Mat Fac Fac Fac Was Fac Fac Res Res Acc Total Allies 2 | . . . . . . 2 . . . . . . Largest Group 1 | . . . . . . 1 . . . . . . Highest-Rated Group 49 | . . . . . . 49 . . . . . . Highest-Rated Ally 49 | . . . . . . 49 . . . . . . Total Orders . | . . . . . . . . . . . . . Ally Attacks 14 | . . . . . . 14 . . . . . . Total Damage 365 | . . . . . . 365 . . . . . . Kills 3 | . . . . . . 3 . . . . . . Allies Corrupted . | . . . . . . . . . . . . . Allies Melted 1 | . . . . . . 1 . . . . . . Intel | -11 -10 -10 -8 -7 -6 -5 -5 -5 -4 -3 -2 -1 ------- Run | Yrd Mat Sub Mat Fac Fac Fac Was Fac Fac Res Res Acc Robot Analysis Total 1 | . . . 1 . . . . . . . . . Derelict Logs Recovered . | . . . . . . . . . . . . . Drone Launches . | . . . . . . . . . . . . . Drone Recoveries . | . . . . . . . . . . . . . Exploration | -11 -10 -10 -8 -7 -6 -5 -5 -5 -4 -3 -2 -1 ------------- Run | Yrd Mat Sub Mat Fac Fac Fac Was Fac Fac Res Res Acc Turns Passed 6454 | . 1610 333 813 480 240 625 72 512 231 239 915 384 Spaces Moved 5504 | 1 487 239 659 493 352 558 92 518 333 354 947 471 Core 272 | . . . . . . . . . . . 66 206 Treads . | . . . . . . . . . . . . . Legs 163 | 1 162 . . . . . . . . . . . Wheels 1731 | . 325 239 659 493 15 . . . . . . . Hover 3338 | . . . . . 337 558 92 518 333 354 881 265 Flight . | . . . . . . . . . . . . . Fastest Speed 41 | 120 100 90 85 84 43 43 54 52 50 50 41 50 Average Speed 68 | 120 106 97 86 84 44 64 62 56 51 51 57 56 Slowest Speed 120 | 120 120 105 105 85 85 102 98 98 52 96 104 110 Overloaded Moves . | . . . . . . . . . . . . . Propulsion Burnouts . | . . . . . . . . . . . . . Robots Hopped . | . . . . . . . . . . . . . Cave-ins Triggered . | . . . . . . . . . . . . . Exploration Rate (%) 27 | 2 86 18 53 15 12 17 65 18 7 11 35 14 Regions Visited 12 Branch Regions 1 Pre-discovered Areas . | . . . . . . . . . . . . . Known Exits Taken 4 | . . . . . 1 . . 1 1 1 . . Unknown Exits Taken 6 | 1 1 1 1 1 . . . . . . 1 . Scrap Searched . | . . . . . . . . . . . . . Spaces Dug 32 | . . . 3 . . 5 . 4 3 . 17 . Terrain Destroyed 131 | . . . 8 . . 5 . 7 3 . 105 3 Melee 28 | . . . 3 . . 5 . 4 3 . 13 . Projectile 20 | . . . . . . . . 3 . . 14 3 AOE 83 | . . . 5 . . . . . . . 78 . Terrain Rammed . | . . . . . . . . . . . . . Walls Destroyed . | . . . . . . . . . . . . . Machines Disabled . | . . . . . . . . . . . . . Actions | -11 -10 -10 -8 -7 -6 -5 -5 -5 -4 -3 -2 -1 --------- Run | Yrd Mat Sub Mat Fac Fac Fac Was Fac Fac Res Res Acc Total 7797 | . 1562 302 828 553 412 794 107 704 383 400 1212 540 Wait 1667 | . 1050 27 80 34 14 123 14 128 36 24 123 14 Move 5493 | . 486 238 658 492 351 558 91 517 332 353 946 471 Hop . | . . . . . . . . . . . . . Pick Up 56 | . 4 1 7 10 4 6 1 5 2 2 9 5 Fast Attach 70 | . 4 2 11 2 7 8 . 2 . 4 14 16 Attach 32 | . . 3 . 2 3 2 . 3 2 1 11 5 Detach 15 | . 3 . 1 . 5 1 . . . 1 3 1 Swap 65 | . . 6 12 2 2 5 . 9 4 4 21 . Drop 93 | . 6 5 19 9 9 12 1 12 3 6 10 1 Fire 192 | . 9 20 36 2 17 11 . 14 . 4 52 27 Melee 36 | . . . 3 . . 5 . 4 4 1 19 . Ram 3 | . . . . . . . . . . . 3 . Kick . | . . . . . . . . . . . . . Crush 1 | . . . 1 . . . . . . . . . Escape Stasis 24 | . . . . . . 13 . 10 . . 1 . Rewire 50 | . . . . . . 50 . . . . . . Trap . | . . . . . . . . . . . . . Miscellaneous . | . . . . . . . . . . . . . Route ------- -11/Scrapyard -10/Materials (discovered 5 exits: [*Mat x3] / [*Min] / [*Sub]) -10/Subcaves -8/Materials (discovered 2 exits: *Fac x2) -7/Factory -6/Factory (discovered 3 exits: *Fac / *Low x2) -5/Factory -5/Waste -5/Factory (discovered 3 exits: *Fac / *Upp x2) -4/Factory -3/Research -2/Research -1/Access History --------- Turn | Location | Event 1 | -11/Scrapyard | Discovered new exit (range 0) 1 | -11/Scrapyard | Entered Materials 271 | -10/Materials | Discovered new exit (range 15) 324 | -10/Materials | Discovered new exit (range 16) 334 | -10/Materials | Build established: Mutant 389 | -10/Materials | Discovered new exit (range 8) 789 | -10/Materials | Discovered new exit (range 16) 1077 | -10/Materials | Discovered new exit (range 8) 1611 | -10/Materials | Entered Subcaves 1660 | -10/Subcaves | Shifting Twisted Machinery released Flamer 1661 | -10/Subcaves | Shifting Twisted Machinery released Sub. Power Source 1675 | -10/Subcaves | Ambushed by Subdwellers from Twisted Machinery 1735 | -10/Subcaves | Lost 3 parts (2n1w) 1736 | -10/Subcaves | Core integrity fell below 50% 1791 | -10/Subcaves | Discovered new exit (range 13) 1865 | -10/Subcaves | A swath of the cavern ceiling suddenly collapsed 1944 | -10/Subcaves | Entered Materials 1944 | -8/Materials | Evolved 4 slots: Propulsion x3, Utility x1 2558 | -8/Materials | Discovered new exit (range 10) 2654 | -8/Materials | Discovered new exit (range 15) 2709 | -8/Materials | Garrison activated, responded to threat 2757 | -8/Materials | Entered Factory 2757 | -7/Factory | Evolved 2 slots: Utility x2 3027 | -7/Factory | Build established: Scavenger-Mutant 3086 | -7/Factory | Discovered new exit (range 5) 3237 | -7/Factory | Entered another Factory area 3237 | -6/Factory | Evolved 2 slots: Propulsion x1, Utility x1 3272 | -6/Factory | Discovered new exit (range 7) 3279 | -6/Factory | Discovered new exit (range 9) 3356 | -6/Factory | Identified exit to Lower Caves 3474 | -6/Factory | Discovered new exit (range 4) 3475 | -6/Factory | Identified exit to Factory 3477 | -6/Factory | Entered another Factory area 3477 | -5/Factory | Evolved 2 slots: Power x1, Utility x1 3862 | -5/Factory | Discovered new exit (range 6) 3864 | -5/Factory | Identified exit to Upper Caves 4102 | -5/Factory | Sucked down chute 4102 | -5/Factory | Entered Waste 4108 | -5/Waste | Spotted C-40 Crusher 4122 | -5/Waste | Spotted C-40 Crusher 4145 | -5/Waste | Spotted C-40 Crusher 4154 | -5/Waste | Spotted C-40 Crusher 4155 | -5/Waste | Spotted C-40 Crusher 4166 | -5/Waste | Spotted C-40 Crusher 4167 | -5/Waste | Discovered new exit (range 10) 4174 | -5/Waste | Identified exit to Factory 4174 | -5/Waste | Entered Factory 4275 | -5/Factory | Fabricated Antigrav Array? 4408 | -5/Factory | Discovered exit to Upper Caves (range 10) 4460 | -5/Factory | Discovered exit to Upper Caves (range 7) 4527 | -5/Factory | Lost 3 parts (2u1w) 4584 | -5/Factory | Build established: Scavenger-Scout 4677 | -5/Factory | Discovered new exit (range 15) 4686 | -5/Factory | Identified exit to Factory 4686 | -5/Factory | Entered another Factory area 4686 | -4/Factory | Evolved 2 slots: Utility x2 4735 | -4/Factory | Repaired Adv. Weapon Cycler 4890 | -4/Factory | Discovered new exit (range 5) 4892 | -4/Factory | Identified exit to Research 4917 | -4/Factory | Entered Research 4917 | -3/Research | Evolved 2 slots: Power x1, Utility x1 5136 | -3/Research | Discovered new exit (range 8) 5139 | -3/Research | Identified exit to Research 5156 | -3/Research | Entered another Research area 5156 | -2/Research | Evolved 2 slots: Propulsion x1, Utility x1 5495 | -2/Research | Spotted B-90 Cyclops 5654 | -2/Research | Lost 3 parts (1p2u) 5699 | -2/Research | Search patrols dispatched 5740 | -2/Research | Lost 3 parts (3u) 5798 | -2/Research | Lost 3 parts (1p1n1u) 6032 | -2/Research | Released all parts (7) 6038 | -2/Research | Core integrity fell below 50% 6049 | -2/Research | Core integrity fell below 20% 6058 | -2/Research | Lost 20 parts (6p6n5u3w) 6061 | -2/Research | Discovered new exit (range 15) 6071 | -2/Research | Entered Access 6071 | -1/Access | Evolved 2 slots: Utility x1, Weapon x1 6170 | -1/Access | Build established: Mutant 6213 | -1/Access | Found Powered Armor 6253 | -1/Access | Spotted B-99 Colossus 6361 | -1/Access | Search patrols dispatched 6455 | -1/Access | Self-destructed Last Messages --------------- 06437_ Slug penetrates Wall. 06439_ Acquired Xenon Bombardment Thruster. 06440_ U-05 Engineer builds a Wall. 06441_ H-88 Terminator destroyed. 06441_ Slug penetrates Wall. 06441_ Particle Reactor destroyed. 06444_ Acquired 48 matter. 06444_ Slug penetrates Wall. 06445_ Destroyed Sml. Battery. 06446_ Wall collapses. 06446_ Acquired 4 matter. 06447_ Slug penetrates Wall. 06449_ Hvy. Machine Gun destroyed. 06450_ Slug penetrates Wall. 06452_ U-05 Engineer builds a Wall. 06453_ System corrupted: Component data lost. 06453_ K-01 Serf collects debris. 06454_ Slug penetrates Wall. 06455_ Lgt. Antimatter Reactor destroyed. 06455_ Matter Neutralizer destroyed. Map ----- +----------------------------------------------------+ | ?????????????????????????????????????????????????? | | ?????????????????????????????????????????????????? | | ?????????????????????????????????????????????????? | | ?????????????????????????????????????????????????? | | ?????????????????????????????????????????????????? | | ?????????????????????????????????????????????????? | | ?????????????????????????????????????????????????? | | ?????????????????????????????????????????????????? | | ?????????????????????????????????????????????????? | | ?????????????????????????????????????????????????? | | ?????????????????????????????????????????????????? | | ?????????????????????????????????????????????????? | | ?????????????????????????????????????????????????? | | ?????????????????????????????????????????????????? | | ?????????????????????????????????????????????????? | | ????????????????????????????????????##???????????? | | ????????????????????????????????? #???????????? | | ???????????????????????????????? #???????????? | | ???????????????########## ??? #???????????? | | ???????????????#! " #""""" #???????????? | | ???????????????# """ #""""" #???????????? | | ?????????###???# """ #""""" #???????????? | | ????????? # " #""""" ] #???????????? | | ?????????? + #""""" #???????????? | | ???????????????# ==#[ * #???????????? | | ???????????????# |%#@[ #???????????? | | ???????????????# !=%p%[ [ #???????????? | | ????# ?????????######+###]! k p #???????????? | | ??### ?????????????# #########p###########??????? | | ?? ????????????# ??????? | | ?? ????????????# ?????? | | ??? ?????????#### ?????? | | ???# #????????+ ????? | | ???# #????????#### ????? | | ???# #???????????# ????? | | ???# +???????????# ????? | | ???# #???????????# ###+###########??????? | | ???# #???????????# #????????????????????? | | ???# #########???# #????????????????????? | | ???# ]!! #???# #????????????????????? | | ???# !!! #???# #????????????????????? | | ???+ ! ! #???# #????????????????????? | | ???# ##### #????????????????????? | | ???# #????????????????????? | | ???### #????????????????????? | | ?????# #????????????????????? | | ?????# +????????????????????? | | ?????# #????????????????????? | | ###### #????????????????????? | | # #????????????????????? | +----------------------------------------------------+ Best States ------------- Heat Dissipation 99 Energy Generation 57 Energy Capacity 740 Matter Stores 300 Matter Capacity 300 Sight Range 21 Robot Scan Range 15 Terrain Scan Density 10 Jamming Range 16 Power Amplification 30 Additional Mass Support 9 Armor Coverage 450 Propulsion Shielding 66 Weapon Cycling 25 Evasion (%) 68 Targeting Accuracy 6 Core Analysis 6 Recoil Reduction 1 Item Schematics ----------------- None Robot Schematics ------------------ None Fabricated ------------ Antigrav Array | x1 | -5/Factory | Preloaded Alien Tech Used ----------------- None Achievements -------------- None Challenges ------------ None Game ------ Seed CombatSapperFlail Manual? 0 Play Time 01:13:03 Cumulative 249.7 hours Start 2024.04.18 @ 14:58:22 End 2024.04.18 @ 16:09:39 Sessions 1 Manual Loads 0 Difficulty Rogue Special Mode None Game No. 157 Rogue 157 Adventurer 0 Explorer 0 Win Type - Total 2 Types 2/0/0/0/0/0/0/0/0 Lore% 50 Gallery% 71 Achievement% 57 Wizard Run 0 Options --------- Layout 1 ASCII 0 Keyboard 1 Movement Numpad Keybinds 0 Fullscreen 1 Font 32/SmallcapsGlow Map View 50x35 Zoom Use 0% Tactical HUD 1 Map Filters NONE Filters NONE Steam 1 RUN: e0cd2635-a054-4112-abee-a1d95c3064d7